 Dungeon Crawl Stone Soup version 0.30-a0-585-g93115170b9 (webtiles) character file.

Game seed: 16809860624144272301

56 ragingrage the Slasher (level 3, -2/21 HPs)
             Began as a Tengu Warper on Jan 1, 2023.
             Slain by Sigmund
             ... wielding a +0 scythe
              (4 damage)
             ... on level 3 of the Dungeon.
             The game lasted 00:02:51 (1715 turns).

ragingrage the Slasher (Tengu Warper)               Turns: 1715, Time: 00:02:52

Health: -2/21      AC:  3    Str: 11    XL:     3   Next: 95%
Magic:  7/7        EV: 12    Int: 13    God:
Gold:   112        SH:  0    Dex: 15    Spells: 4/6 levels left

rFire   . . .      SeeInvis .    a - +0 falchion
rCold   . . .      Faith    .    (no shield)
rNeg    . . .      Spirit   .    b - +0 leather armour
rPois   .          Reflect  .    (helmet restricted)
rElec   .          Harm     .    (no cloak)
rCorr   .          Rampage  .    (no gloves)
Will    .....                    (boots unavailable)
Stlth   +                        (no amulet)
HPRegen 0.23/turn                (no ring)
MPRegen 0.10/turn                (no ring)

@: confused, mighty, attractive
A: beak, talons 3
a: no special abilities


You were on level 3 of the Dungeon.
You visited 1 branch of the dungeon, and saw 4 of its levels.

You collected 112 gold pieces.

Inventory:

Hand Weapons
 a - a +0 falchion (weapon)
Missiles
 d - 5 boomerangs of dispersal (quivered)
Armour
 b - a +0 leather armour (worn)
Scrolls
 c - 2 scrolls of blinking
 l - a scroll of enchant armour


   Skills:
 - Level 2.0 Fighting
 + Level 3.5 Long Blades
 - Level 1.0 Throwing
 - Level 1.1 Armour
 - Level 2.1 Dodging
 + Level 2.5 Stealth
 - Level 2.0 Spellcasting
 - Level 2.4 Translocations


You had 4 spell levels left.
You knew the following spells:

 Your Spells              Type           Power      Damage    Failure   Level
a - Blink                 Tloc           14%        N/A       19%         2

Your spell library contained the following spells:

 Spells                   Type           Power      Damage    Failure   Level
 Lesser Beckoning         Tloc           14%        N/A       36%         3
 Teleport Other           Tloc           7%         N/A       36%         3
 Vhi's Electric Charge    Tloc/Air       8%         N/A       52%         3
 Kindle Blastsparks       Fire/Tloc/Air  6%         2d10      58%         3
 Manifold Assault         Tloc           7%         N/A       77%         4
 Iskenderun's Mystic Bla  Conj/Tloc      4%         2d3       90%         4
 Fulminant Prism          Conj/Hex       0%         3d5       97%         4
 Lee's Rapid Deconstruct  Erth           0%         3d4*      100%        5


Dungeon Overview and Level Annotations

Branches:
Dungeon (4/15)
 Temple: D:4-7

Altars:

Annotations:
D:3 Sigmund
D:4 Natasha


Innate Abilities, Weirdness & Mutations

You have a beak for a mouth.
You have claws for feet.


Message History

You closely miss something.
You hear some strange, mumbled words.
A magic dart appears from out of thin air!
The magic dart hits you.
You closely miss something. Something hits you!
It was a potion of cancellation.
You feel magically purged. Something hits you but does no damage.
Okay, then.
It was a potion of attraction.
You feel attractive to monsters.
It was a potion of ambrosia.
You are confused.
You feel invigorated. Something hits you.
You slash something! Your kick misses something. Something hits you!
You closely miss something. You peck something. You barely miss something.
Your kick misses something. Your peck misses something.
You feel less invigorated.
You feel less confused.
You hear some strange, mumbled words.
You are confused.
It was a potion of heal wounds.
You feel much better. Something hits you.
It was a potion of might.
You feel very mighty all of a sudden. Something hits you.
You bump into the rock wall.
Something hits you!
* * * LOW HITPOINT WARNING * * *
You feel better.
You hear some strange, mumbled words.
A magic dart appears from out of thin air!
The magic dart hits you.
You hit something. Your kick misses something.
You hear some strange, mumbled words.
You are confused.
You bump into the rock wall.
Something hits you!
* * * LOW HITPOINT WARNING * * *
You barely miss something. Your kick misses something.
Something completely misses you.
You bump into the rock wall.
You bump into the rock wall.
Something hits you.
You die...

#.# ###### #.# #.# #.!..# #.#
#####.# #.##.# #.#
....#.###### #.##.#######.#
..#.........# #.##.......@.#
#{..........##.#)##########.#
..#.........##.#.# #.#
....#.########.#{##########.#
....#.# #.#@.........#.#
#####.# ###.##########.#.#
.... ....##########.#.#
###.#.#########....@......#@#
....#.....#.................#
....##........#...........###
....##........###########.#
....##........# ..#
....#####.#+### .###


There were no monsters in sight!

Vanquished Creatures
  2 adders (D:2)
  A worm (D:2)
  2 dart slugs
  2 endoplasms
  3 giant cockroaches
  3 goblins
  A hobgoblin (D:1)
  3 jackals (D:1)
  4 ball pythons (D:1)
  3 bats
  2 kobolds
  3 rats (D:1)
29 creatures vanquished.

Notes
Turn   | Place    | Note
-------+----------+-------------------------------------------
     0 | D:1      | ragingrage the Tengu Warper began the quest for the Orb.
     0 | D:1      | Reached XP level 1. HP: 12/12 MP: 4/4
   168 | D:1      | Reached skill level 1 in Stealth
   168 | D:1      | Reached XP level 2. HP: 17/17 MP: 6/6
   171 | D:1      | Learned a level 2 spell: Blink
   753 | D:1      | Reached skill level 3 in Long Blades
  1322 | D:2      | Reached XP level 3. HP: 21/21 MP: 7/7
  1519 | D:2      | Found a faded altar of an unknown god.
  1526 | D:2      | You fall into a shaft and drop 1 floor!
  1548 | D:3      | Noticed Sigmund
  1598 | D:4      | Noticed Natasha
  1616 | D:4      | Noticed an ogre
  1712 | D:3      | HP: 1/21 [something (7)]
  1715 | D:3      | Slain by Sigmund

Illustrated notes

Levels and vault maps discovered:
D:1:      evilmike_arrival_rings, layout_basic
D:2:      layout_basic, chequers_ecumenical_altar_twisty, basic_altar,
          st_stairs_6
D:3:      layout_basic, mainiacjoe_overflow_alcove_1, portal_sewer_entry_e,
          minmay_ruptured, uniq_sigmund
D:4:      layout_layer_cave, mainiacjoe_overflow_alcove_4, uniq_natasha

Skill      XL: |  1  2  3 |
---------------+----------+-----
Stealth        | 1 2 |  2.5
Long Blades    | 3 |  3.5
Fighting       | |  2.0
Throwing       | |  1.0
Armour         | |  1.1
Dodging        | |  2.1
Spellcasting   | |  2.0
Translocations | |  2.4

Action                   || total
-------------------------++-------
Melee: Falchion          ||    83
       Kick              ||    14
       Peck              ||     6
Throw: Boomerang         ||     2
  Use: Potion            ||     9
       Scroll            ||     2
 Stab: Sleeping          ||     4
Armor: Leather armour    ||    22
Dodge: Dodged            ||    62

Table legend: (Time is in decaauts)
 A = Elapsed time spent in this place.
 B = Non-inter-level travel time spent in this place.
 C = Inter-level travel time spent in this place.
 D = Time resting spent in this place.
 E = Time spent auto-exploring this place.
 F = Levels seen in this place.
 G = Mean time per level.
                   A        B        C        D        E       F      G
               +--------+--------+--------+--------+--------+-----+--------+
         Total |   1729 |   1682 |     47 |     58 |   1257 |   4 |  432.2 |
       Dungeon |   1729 |   1682 |     47 |     58 |   1257 |   4 |  432.2 |
               +--------+--------+--------+--------+--------+-----+--------+

Top non-repeatable levels by time:
     D:1: 1218 daAuts
     D:2: 320 daAuts
     D:3: 143 daAuts
     D:4: 47 daAuts
